TOP OF THE 1ST |
Maryland Terrapins batting - Pitching for Miami Hurricanes : RHP Dave Chapin
|
Pitching: RHP Dave Chapin
|
|
Batting: SHB Caden Keith
|
0-0: Called Strike 0-1: Ball 1-1: Foul Ball, location: 2F 1-2: Strikes out looking
|
Batting: RHB Glenn Carroll
|
0-0: Swinging Strike 0-1: Called Strike 0-2: Ball 1-2: Fly out, F3 (Popup, 3DF)
|
Batting: LHB Armando Torres
|
0-0: Called Strike 0-1: Ball 1-1: Swinging Strike 1-2: SINGLE (Groundball, 4MD) (infield hit)
|
Batting: SHB Frank Johnston
|
0-0: Ball 1-0: Ball 2-0: Ground out 4-3 (Groundball, 4)
|
Top of the 1st over - 0 run(s), 1 hit(s), 0 error(s), 1 left on base; Maryland 0 - Miami 0 |
BOTTOM OF THE 1ST |
Miami Hurricanes batting - Pitching for Maryland Terrapins : RHP Enrique Miranda
|
Pitching: RHP Enrique Miranda
|
|
Batting: SHB Douglas Taylor
|
0-0: Ball 1-0: Ball 2-0: Ball 3-0: Called Strike 3-1: Called Strike 3-2: DOUBLE (Line Drive, 7LM)
|
Batting: RHB Jim McKinney
|
0-0: Ball 1-0: Ball 2-0: Ball 3-0: Called Strike 3-1: Called Strike 3-2: Base on Balls
|
Batting: RHB Ken MacDonald
|
0-0: Ball 1-0: Fly out, F8 (Flyball, 8RM)
|
Batting: RHB Dwight Henderson
|
0-0: Foul Ball, location: 2F 0-1: Foul Ball, location: 2F 0-2: Ball 1-2: Ball 2-2: Foul Ball, location: 2F 2-2: Ball 3-2: Base on Balls Douglas Taylor to third Jim McKinney to second
|
Batting: SHB Will Davis
|
0-0: Ball 1-0: Foul Ball, location: 2F 1-1: Grounds into double play, 1-2-3 (Groundball, 15)
|
Bottom of the 1st over - 0 run(s), 1 hit(s), 0 error(s), 2 left on base; Maryland 0 - Miami 0 |
TOP OF THE 2ND |
Maryland Terrapins batting - Pitching for Miami Hurricanes : RHP Dave Chapin
|
Batting: SHB Tom Johnson
|
0-0: Swinging Strike 0-1: Fly out, F7 (Flyball, 7M)
|
Batting: RHB Jesús López
|
0-0: Called Strike 0-1: Foul Ball, location: 2F 0-2: Foul Ball, location: 2F 0-2: Foul Ball, location: 2F 0-2: Ball 1-2: Strikes out swinging
|
Batting: SHB Leonard Adams
|
0-0: Called Strike 0-1: Swinging Strike 0-2: Strikes out swinging
|
Top of the 2nd over - 0 run(s), 0 hit(s), 0 error(s), 0 left on base; Maryland 0 - Miami 0 |
BOTTOM OF THE 2ND |
Miami Hurricanes batting - Pitching for Maryland Terrapins : RHP Enrique Miranda
|
Batting: RHB Nick Watts
|
0-0: Ball 1-0: Ground out 1-3 (Groundball, 13S)
|
Batting: SHB Steve Lynch
|
0-0: Reached on error, E4 (Groundball, 34)
|
Batting: RHB Sean King
|
0-0: SINGLE (Groundball, 56D) Steve Lynch to second
|
Batting: RHB Gilbert Forbes
|
0-0: Ball 1-0: Ball 2-0: Ball 3-0: Base on Balls Steve Lynch to third Sean King to second
|
Batting: SHB Douglas Taylor
|
0-0: Ball 1-0: Ball 2-0: Ball 3-0: Called Strike 3-1: Base on Balls Steve Lynch scores Sean King to third Gilbert Forbes to second
|
Batting: RHB Jim McKinney
|
0-0: Called Strike 0-1: Ball 1-1: Ball 2-1: Called Strike 2-2: Strikes out looking
|
Batting: RHB Ken MacDonald
|
0-0: Foul Ball, location: 2F 0-1: SINGLE (Flyball, 8RS) Sean King scores Gilbert Forbes to third Douglas Taylor to second Runner from 3rd tries for Home, SAFE, no throw or cutoff
|
Batting: RHB Dwight Henderson
|
0-0: Swinging Strike 0-1: Ball 1-1: Ball 2-1: Ball 3-1: Base on Balls Douglas Taylor to third Ken MacDonald to second
|
Batting: SHB Will Davis
|
0-0: Ball 1-0: Ball 2-0: Ball 3-0: Base on Balls Douglas Taylor scores Ken MacDonald to third Dwight Henderson to second
|
Batting: RHB Nick Watts
|
0-0: Ball 1-0: Called Strike 1-1: Ball 2-1: Foul Ball, location: 2F 2-2: Foul Ball, location: 2F 2-2: Ground out 1-3 (Groundball, 13S)
|
Bottom of the 2nd over - 4 run(s), 2 hit(s), 1 error(s), 3 left on base; Maryland 0 - Miami 4 |
TOP OF THE 3RD |
Maryland Terrapins batting - Pitching for Miami Hurricanes : RHP Dave Chapin
|
Batting: RHB Pedro Echevarría
|
0-0: Called Strike 0-1: Called Strike 0-2: Fly out, F8 (Line Drive, 8RXD)
|
Batting: RHB Bill Smith
|
0-0: Swinging Strike 0-1: SINGLE (Line Drive, 56D)
|
Batting: SHB Caden Keith
|
0-0: Ball 1-0: Called Strike 1-1: Ball 2-1: Fly out, F7 (Flyball, 7S)
|
Batting: RHB Glenn Carroll
|
0-0: Foul Ball, location: 2F 0-1: Ball 1-1: Swinging Strike 1-2: Ball 2-2: Strikes out looking
|
Top of the 3rd over - 0 run(s), 1 hit(s), 0 error(s), 1 left on base; Maryland 0 - Miami 4 |
BOTTOM OF THE 3RD |
Miami Hurricanes batting - Pitching for Maryland Terrapins : RHP Enrique Miranda
|
Batting: SHB Steve Lynch
|
0-0: Ground out 4-3 (Groundball, 34)
|
Batting: RHB Sean King
|
0-0: Called Strike 0-1: Ground out 5-3 (Groundball, 5L)
|
Batting: RHB Gilbert Forbes
|
0-0: Ball 1-0: Ball 2-0: Called Strike 2-1: Ground out 4-3 (Groundball, 4M)
|
Bottom of the 3rd over - 0 run(s), 0 hit(s), 0 error(s), 0 left on base; Maryland 0 - Miami 4 |
TOP OF THE 4TH |
Maryland Terrapins batting - Pitching for Miami Hurricanes : RHP Dave Chapin
|
Batting: LHB Armando Torres
|
0-0: Ball 1-0: Called Strike 1-1: Called Strike 1-2: Ball 2-2: Foul Ball, location: 2F 2-2: Ball 3-2: Base on Balls
|
Batting: SHB Frank Johnston
|
0-0: Ball 1-0: Foul Ball, location: 2F 1-1: Swinging Strike 1-2: Strikes out swinging
|
Batting: SHB Tom Johnson
|
0-0: Ball Armando Torres steals 2nd base 1-0: Ball 2-0: Ball 3-0: Base on Balls
|
Batting: RHB Jesús López
|
0-0: Ball 1-0: Hit by Pitch Armando Torres to third Tom Johnson to second
|
Batting: SHB Leonard Adams
|
0-0: Called Strike 0-1: Foul Ball, location: 2F 0-2: Ball 1-2: Foul Ball, location: 2F 1-2: Foul Ball, location: 2F 1-2: Fly out, F8 (Flyball, 8LM) Runner from 3rd tags up, SCORES, no throw
|
Batting: RHB Pedro Echevarría
|
0-0: Ground out U3 (Groundball, 3L)
|
Top of the 4th over - 1 run(s), 0 hit(s), 0 error(s), 2 left on base; Maryland 1 - Miami 4 |
BOTTOM OF THE 4TH |
Miami Hurricanes batting - Pitching for Maryland Terrapins : RHP Enrique Miranda
|
Batting: SHB Douglas Taylor
|
0-0: Ball 1-0: SINGLE (Groundball, 4MS) (infield hit)
|
Batting: RHB Jim McKinney
|
0-0: Ball 1-0: 2-RUN HOME RUN (Flyball, 89XD), Distance : 391 ft
|
Batting: RHB Ken MacDonald
|
0-0: Ground out 4-3 (Groundball, 34)
|
Batting: RHB Dwight Henderson
|
0-0: Ball 1-0: Ball 2-0: Called Strike 2-1: Foul Ball, location: 2F 2-2: Foul Ball, location: 2F 2-2: Strikes out looking
|
Batting: SHB Will Davis
|
0-0: Ball 1-0: Ball 2-0: Called Strike 2-1: SINGLE (Groundball, 3D)
|
Pitching: RHP Britt Burke
|
|
Batting: RHB Nick Watts
|
0-0: Swinging Strike 0-1: Swinging Strike 0-2: Strikes out swinging
|
Bottom of the 4th over - 2 run(s), 3 hit(s), 0 error(s), 1 left on base; Maryland 1 - Miami 6 |
TOP OF THE 5TH |
Maryland Terrapins batting - Pitching for Miami Hurricanes : RHP Dave Chapin
|
Batting: RHB Bill Smith
|
0-0: Ball 1-0: Foul Ball, location: 2F 1-1: Ball 2-1: Called Strike 2-2: Strikes out swinging
|
Batting: SHB Caden Keith
|
0-0: Called Strike 0-1: Called Strike 0-2: SOLO HOME RUN (Flyball, 9D), Distance : 346 ft
|
Batting: RHB Glenn Carroll
|
0-0: Swinging Strike 0-1: Fly out, F6 (Line Drive, 6)
|
Batting: LHB Armando Torres
|
0-0: Called Strike 0-1: Ball 1-1: Ball 2-1: Ball 3-1: Fly out, F9 (Flyball, 9M)
|
Top of the 5th over - 1 run(s), 1 hit(s), 0 error(s), 0 left on base; Maryland 2 - Miami 6 |
BOTTOM OF THE 5TH |
Miami Hurricanes batting - Pitching for Maryland Terrapins : RHP Britt Burke
|
Batting: SHB Steve Lynch
|
0-0: Ball 1-0: Called Strike 1-1: Ball 2-1: Swinging Strike 2-2: Strikes out looking
|
Batting: RHB Sean King
|
0-0: Called Strike
|
|
|
|
0-1: Ball 1-1: Ball 2-1: Ball 3-1: Foul Ball, location: 2F 3-2: Base on Balls
|
Batting: RHB Gilbert Forbes
|
0-0: Called Strike 0-1: Ball 1-1: Called Strike 1-2: Foul Ball, location: 2F 1-2: Strikes out swinging
|
Batting: SHB Douglas Taylor
|
0-0: Swinging Strike 0-1: Ball 1-1: Foul Ball, location: 2F 1-2: Fly out, F6 (Line Drive, 6S)
|
Bottom of the 5th over - 0 run(s), 0 hit(s), 0 error(s), 1 left on base; Maryland 2 - Miami 6 |
TOP OF THE 6TH |
Maryland Terrapins batting - Pitching for Miami Hurricanes : RHP Dave Chapin
|
Pitching: RHP Chris Schultz
|
|
Batting: SHB Frank Johnston
|
0-0: Ball 1-0: Fly out, F7 (Flyball, 78M)
|
Batting: SHB Tom Johnson
|
0-0: Ball 1-0: Foul Ball, location: 2F 1-1: Ball 2-1: Ball 3-1: Ground out 6-3 (Groundball, 6)
|
Batting: RHB Jesús López
|
0-0: Called Strike 0-1: Ball 1-1: Fly out, F8 (Line Drive, 8LM)
|
Top of the 6th over - 0 run(s), 0 hit(s), 0 error(s), 0 left on base; Maryland 2 - Miami 6 |
BOTTOM OF THE 6TH |
Miami Hurricanes batting - Pitching for Maryland Terrapins : RHP Britt Burke
|
Batting: RHB Jim McKinney
|
0-0: Fly out, F3 (Popup, 3S)
|
Batting: RHB Ken MacDonald
|
0-0: Ball 1-0: Ball 2-0: Ball 3-0: Called Strike 3-1: Base on Balls
|
Pitching: RHP Martín Granados
|
|
Batting: RHB Dwight Henderson
|
0-0: Ball 1-0: Foul Ball, location: 2F 1-1: Foul Ball, location: 2F 1-2: Foul Ball, location: 2F 1-2: Strikes out swinging
|
Batting: SHB Will Davis
|
0-0: Called Strike 0-1: Foul Ball, location: 2F 0-2: Strikes out swinging
|
Bottom of the 6th over - 0 run(s), 0 hit(s), 0 error(s), 1 left on base; Maryland 2 - Miami 6 |
TOP OF THE 7TH |
Maryland Terrapins batting - Pitching for Miami Hurricanes : RHP Chris Schultz
|
Batting: SHB Leonard Adams
|
0-0: Ball 1-0: Called Strike 1-1: Fly out, F7 (Flyball, 7M)
|
Batting: RHB Pedro Echevarría
|
0-0: Ball 1-0: Ball 2-0: Ball 3-0: Base on Balls
|
Batting: RHB Bill Smith
|
0-0: Called Strike 0-1: Called Strike 0-2: Strikes out swinging
|
Batting: SHB Caden Keith
|
0-0: Swinging Strike 0-1: Ball 1-1: Swinging Strike 1-2: Ball 2-2: Foul Ball, location: 2F 2-2: Strikes out swinging
|
Top of the 7th over - 0 run(s), 0 hit(s), 0 error(s), 1 left on base; Maryland 2 - Miami 6 |
BOTTOM OF THE 7TH |
Miami Hurricanes batting - Pitching for Maryland Terrapins : RHP Martín Granados
|
Batting: RHB Nick Watts
|
0-0: Ball 1-0: Ball 2-0: Called Strike 2-1: Called Strike 2-2: Ball 3-2: Base on Balls
|
Batting: SHB Steve Lynch
|
0-0: Hit by Pitch Nick Watts to second
|
Batting: RHB Sean King
|
0-0: Called Strike 0-1: Ball 1-1: Ball 2-1: Called Strike 2-2: Strikes out swinging
|
Batting: RHB Gilbert Forbes
|
0-0: Ball 1-0: Called Strike 1-1: Foul Ball, location: 2F 1-2: Ball 2-2: Ball 3-2: Strikes out swinging
|
Batting: SHB Douglas Taylor
|
0-0: Ball 1-0: Ball 2-0: Foul Ball, location: 2F 2-1: Foul Ball, location: 2F 2-2: Fly out, F5 (Popup, 5)
|
Bottom of the 7th over - 0 run(s), 0 hit(s), 0 error(s), 2 left on base; Maryland 2 - Miami 6 |
TOP OF THE 8TH |
Maryland Terrapins batting - Pitching for Miami Hurricanes : RHP Chris Schultz
|
Pitching: RHP Lucas Gregory
|
|
Batting: RHB Glenn Carroll
|
0-0: Swinging Strike 0-1: SINGLE (Line Drive, 89S)
|
Batting: LHB Armando Torres
|
0-0: Ball 1-0: Ball 2-0: Ball 3-0: Called Strike 3-1: Foul Ball, location: 2F 3-2: Foul Ball, location: 2F 3-2: DOUBLE (Line Drive, 5D) Glenn Carroll to third
|
Pitching: RHP Jesús Madrid
|
|
Batting: SHB Frank Johnston
|
0-0: Ball 1-0: Fly out, F8 (Flyball, 8RS)
|
Pitching: LHP Matt Lewis
|
|
Batting: SHB Tom Johnson
|
0-0: Ball 1-0: DOUBLE (Line Drive, 8LM) Glenn Carroll scores Armando Torres scores
|
Pitching: RHP Luis Domínguez
|
|
Batting: RHB Jesús López
|
0-0: SINGLE (Line Drive, 6M) Tom Johnson to third
|
Batting: SHB Leonard Adams
|
0-0: Ball 1-0: Fly out, F9 (Flyball, 9S)
|
Batting: RHB Pedro Echevarría
|
0-0: Fly out, F9 (Flyball, 9LM)
|
Top of the 8th over - 2 run(s), 4 hit(s), 0 error(s), 2 left on base; Maryland 4 - Miami 6 |
BOTTOM OF THE 8TH |
Miami Hurricanes batting - Pitching for Maryland Terrapins : RHP Martín Granados
|
Batting: RHB Jim McKinney
|
0-0: Ball 1-0: Foul Ball, location: 2F 1-1: Swinging Strike 1-2: Ground out 4-3 (Groundball, 4)
|
Pitching: RHP Pete Gillespie
|
|
Batting: RHB Ken MacDonald
|
0-0: Swinging Strike 0-1: Called Strike 0-2: Strikes out swinging
|
Batting: RHB Dwight Henderson
|
0-0: Called Strike 0-1: Ball 1-1: Hit by Pitch
|
Batting: SHB Will Davis
|
0-0: Called Strike 0-1: Called Strike 0-2: Ball 1-2: Strikes out swinging
|
Bottom of the 8th over - 0 run(s), 0 hit(s), 0 error(s), 1 left on base; Maryland 4 - Miami 6 |
TOP OF THE 9TH |
Maryland Terrapins batting - Pitching for Miami Hurricanes : RHP Luis Domínguez
|
Pitching: LHP Flint Alonso
|
|
Batting: RHB Bill Smith
|
0-0: Ball 1-0: Swinging Strike 1-1: Foul Ball, location: 2F 1-2: Strikes out swinging
|
Batting: SHB Caden Keith
|
0-0: Swinging Strike 0-1: Foul Ball, location: 2F 0-2: Ball 1-2: Strikes out swinging
|
|
|
Batting: RHB Glenn Carroll
|
0-0: Ball 1-0: Ball 2-0: Ball 3-0: Called Strike 3-1: Foul Ball, location: 2F 3-2: Fly out, F5 (Popup, 5SF)
|
Top of the 9th over - 0 run(s), 0 hit(s), 0 error(s), 0 left on base; Maryland 4 - Miami 6 |
|
|